 Dungeon Crawl Stone Soup version 0.21-a0-394-gdc75ea7 (webtiles) character file.

37286 Kavrick the Carver (level 14, -6/114 HPs)
             Began as a Formicid Fighter on Oct 18, 2017.
             Was a High Priest of Cheibriados.
             Mangled by an 18-headed hydra (11 damage)
             ... on level 6 of the Lair of Beasts.
             The game lasted 00:55:09 (17923 turns).

Kavrick the Carver (Formicid Fighter)              Turns: 17923, Time: 00:55:10

Health: -6/114     AC: 21    Str: 36    XL:     14   Next: 28%
Magic:  20/20      EV: 17    Int: 20    God:    Cheibriados [*****.]
Gold:   869        SH:  0    Dex: 21    Spells: 10/13 levels left

rFire    + . .     SeeInvis +   x - +4 falchion (curse)
rCold    + + +     Gourm    .   c - +0 shield
rNeg     . . .     Faith    .   I - +0 plate armour
rPois    +         Spirit   .   (helmet unavailable)
rElec    +         Reflect  .   M - +1 cloak of Starlight {rElec rC+ EV+4 Stlth--}
rCorr    +         Harm     .   o - +1 pair of gloves
MR       +....                  n - +0 pair of boots
Stlth    ..........             (no amulet)
HPRegen  0.29/turn              y - ring of poison resistance
MPRegen  0.17/turn              e - ring of protection from cold

@: confused, resistant, very slow
A: permanent stasis, dig shafts and tunnels, four strong arms, antennae 3
a: Dig, Shaft Self, Bend Time, Temporal Distortion, Slouch, Step From Time,
Renounce Religion


You were on level 6 of the Lair of Beasts.
You worshipped Cheibriados.
Cheibriados was extremely pleased with you.
You were not hungry.

You visited 3 branches of the dungeon, and saw 16 of its levels.
You also visited: Bailey.

You collected 1064 gold pieces.
You spent 195 gold pieces at shops.

Inventory:

Hand Weapons
 a - a +1 long sword
 x - a cursed +4 falchion (weapon)
Missiles
 z - 34 tomahawks of returning (quivered)
Armour
 c - a +0 shield (worn)
 n - a +0 pair of boots (worn)
 o - a +1 pair of gloves (worn)
 B - a +0 chain mail of cold resistance
 I - a +0 plate armour (worn)
 M - the +1 cloak of Starlight (worn) {rElec rC+ EV+4 Stlth--}
   (You found it on level 2 of the Lair of Beasts)

   It affects your evasion (+4).
   It protects you from cold.
   It insulates you from electricity.
   It makes you much less stealthy.
Jewellery
 e - a ring of protection from cold (right hand)
 y - a ring of poison resistance (left hand)
 D - an uncursed amulet of harm
 K - an uncursed ring of see invisible
 N - the amulet of Kautij {rF++ rN+ Regen+ Int-2 SInv, unknown}
   (You found it on level 5 of the Lair of Beasts)

   [amulet of regeneration]

   It affects your intelligence (-2).
   It greatly protects you from fire.
   It protects you from negative energy.
   It lets you see invisible.
   It increases your rate of regeneration.
Wands
 s - a wand of iceblast (5/15)
 G - a wand of lightning (0/15)
 L - a wand of paralysis (4/24)
 Q - a wand of confusion (32/48)
Scrolls
 h - a scroll of immolation {unknown}
 k - a scroll of acquirement {unknown}
 m - 2 scrolls of enchant weapon
 t - 5 scrolls of recharging
 u - a scroll of fog
 v - 2 scrolls of magic mapping
 w - 4 scrolls of amnesia
 A - a scroll of enchant armour
 E - 4 scrolls of remove curse
 O - a scroll of random uselessness {unknown}
 P - 2 scrolls of identify
Potions
 p - a potion of degeneration
 q - 3 potions of magic
 C - 3 potions of flight
Books
 b - a book of Power

   Spells                             Type                      Level
   a - Iskenderun's Battlesphere      Conjuration/Charms           5
   b - Venom Bolt                     Conjuration/Poison           5
   c - Bolt of Magma                  Conjuration/Fire/Earth       5
   d - Iron Shot                      Conjuration/Earth            6
   e - Orb of Destruction             Conjuration                  7
   f - Spellforged Servitor           Conjuration/Summoning        7
 d - a book of Frost

   Spells                             Type                      Level
   a - Freeze                         Ice                          1
   b - Throw Frost                    Conjuration/Ice              2
   c - Ozocubu's Armour               Charms/Ice                   3
   d - Throw Icicle                   Conjuration/Ice              4
   e - Summon Ice Beast               Ice/Summoning                4
 l - a book of Necromancy

   Spells                             Type                      Level
   a - Pain                           Necromancy                   1
   b - Animate Skeleton               Necromancy                   1
   c - Vampiric Draining              Necromancy                   3
   d - Regeneration                   Charms/Necromancy            3
   e - Animate Dead                   Necromancy                   4
   f - Control Undead                 Necromancy                   4
 H - a book of Minor Magic

   Spells                             Type                      Level
   a - Magic Dart                     Conjuration                  1
   b - Blink                          Translocation                2
   c - Call Imp                       Summoning                    2
   d - Slow                           Hexes                        2
   e - Conjure Flame                  Conjuration/Fire             3
   f - Mephitic Cloud                 Conjuration/Poison/Air       3
Miscellaneous
 J - a crystal ball of energy
Comestibles
 f - 11 bread rations
 g - 8 meat rations
 i - 5 royal jellies
 r - 15 fruits


   Skills:
 + Level 11.8 Fighting
 * Level 13.8 Long Blades
 + Level 11.7 Armour
 + Level 6.1 Dodging
 - Level 9.0 Shields
 + Level 9.0 Invocations


You had 10 spell levels left.
You knew the following spells:

 Your Spells              Type           Power        Failure   Level  Hunger
a - Regeneration          Chrm/Necr      #.........   95%         3    ####...


Dungeon Overview and Level Annotations

Branches:
Dungeon (9/15)             Temple (1/1) D:4            Lair (6/6) D:8
 Shoals (0/4) Lair:3       Spider (0/4) Lair:4        Slime (0/5) Lair:5
    Orc: D:9-12

Altars:
Ashenzari
Cheibriados
Dithmenos
Elyvilon
Fedhas
Gozag
Hepliaklqana
Kikubaaqudgha
Makhleb
Nemelex Xobeh
Okawaru
Qazlal
Ru
Sif Muna
Vehumet
Wu Jian
Xom
Yredelemnul
Zin
The Shining One
Jiyva

Shops:
D:4 *   D:6 [   D:7 (

Annotations:
D:4 Gruesome's ghost, novice OpMo; Ijyb
Lair:3 exclusion: 2 oklob plants


Innate Abilities, Weirdness & Mutations

You cannot be hasted, slowed, berserked, paralysed or teleported.
You can dig through walls and to a lower floor.
Your four strong arms can wield two-handed weapons with a shield.
You have a pair of large antennae on your head. (SInv)


Message History

* * * LOW HITPOINT WARNING * * *
The 18-headed hydra bites you but does no damage. x2
The 18-headed hydra bites you.
* * * LOW HITPOINT WARNING * * *
The 18-headed hydra bites you but does no damage.
The 18-headed hydra barely misses you.
The 18-headed hydra bites you but does no damage.
You block the 18-headed hydra's attack.
It was a potion of resistance.
You feel protected.
A wyvern comes into view.
It was a potion of ambrosia.
You are confused.
You feel invigorated. The 18-headed hydra misses you. x2
The 18-headed hydra barely misses you. The 18-headed hydra bites you!
* * * LOW HITPOINT WARNING * * *
The 18-headed hydra misses you. The 18-headed hydra closely misses you.
The 18-headed hydra barely misses you. x2; The 18-headed hydra misses you.
The 18-headed hydra bites you!
You die...

............................##
.............................#
............................P#
...(..............PP.......###
...................+.###....#
...##.######....###..####...#
...###. ##...#....#..##..# ...
######...D##..........#
#.......@P.....#....#
.......†........##..##
#.......l##......###.#
#.P###...$##.#....##.## ###
##... ###...P##..#
....##P.#......P##
........).........#
..................##
............##


You could see a 18-headed hydra and a wyvern.

Vanquished Creatures
  Snorg (Lair:5)
  Josephine (Lair:5)
  A hydra (Lair:3)
  The ghost of Kavrick the Poker, a novice FoFi of Cheibriados (D:8)
  Pikel (D:7)
  An orc knight (Bailey)
  A manticore (Lair:3)
  33 elephants
  4 black mambas
  Joseph (D:7)
  10 spiny frogs
  A torpor snail (Lair:4)
  2 rime drakes
  3 komodo dragons
  A jumping spider (Lair:4)
  Grinder (D:4)
  A polar bear (Lair:4)
  A hornet (Lair:3)
  10 blink frogs
  Prince Ribbit (D:6)
  13 hippogriffs
  2 wyverns
  5 wraiths (Lair:5)
  A basilisk (Lair:2)
  19 yaks
  Eustachio (D:4)
  Menkaure (D:6)
  2 wargs (D:8)
  9 water moccasins
  5 porcupines
  A sky beast (D:8)
  A black bear (D:6)
  9 orc warriors
  8 ogres
  A necrophage (D:7)
  2 ice beasts
  A centaur (D:8)
  6 wolves (Lair:1)
  4 crocodiles
  5 bullfrogs
  3 scorpions
  A wyvern skeleton (D:7)
  5 killer bees (D:8)
  3 wights (D:6)
  4 howler monkeys
  A centaur zombie (D:3)
  A bullfrog zombie (D:5)
  2 crimson imps (D:5)
  3 bullfrog skeletons
  4 hounds
  2 orc priests
  A jelly (D:5)
  A centaur skeleton (D:4)
  Jessica (D:3)
  Natasha (twice) (D:2)
  3 iguanas
  5 orc wizards
  6 worker ants
  A hound zombie (D:5)
  2 worker ant zombies
  Robin (D:3)
  19 adders
  A shadow imp (D:4)
  3 oozes
  An adder skeleton (D:7)
  6 worms
  2 dart slugs (D:2)
  3 leopard geckos
  26 orcs
  6 bats
  2 giant cockroaches
  23 goblins
  16 hobgoblins
  10 jackals
  17 kobolds
  4 quokkas
  2 ball pythons
  7 frilled lizards
  2 quokka skeletons
  4 rats
378 creatures vanquished.

Vanquished Creatures (others)
  A slave (D:8)
  A crocodile (Lair:5)
  A hound zombie (D:8)
  19 fungi
  12 plants
34 creatures vanquished.

Grand Total: 412 creatures vanquished

Notes
Turn   | Place    | Note
-------+----------+-------------------------------------------
     0 | D:1      | Kavrick the Formicid Fighter began the quest for the Orb.
     0 | D:1      | Reached XP level 1. HP: 18/18 MP: 1/1
    92 | D:1      | Reached XP level 2. HP: 23/24 MP: 2/2
   266 | D:1      | Reached XP level 3. HP: 28/29 MP: 3/3
   757 | D:2      | Reached XP level 4. HP: 36/37 MP: 4/4
   900 | D:2      | Noticed Natasha
   905 | D:2      | Killed Natasha
   908 | D:2      | Found a sacrificial altar of Ru.
  1060 | D:2      | Reached XP level 5. HP: 42/42 MP: 5/5
  1260 | D:2      | Noticed Natasha
  1284 | D:2      | HP: 2/42 [Natasha (6)]
  1287 | D:2      | Killed Natasha
  1287 | D:2      | Reached skill level 3 in Long Blades
  1767 | D:3      | Found an opulent altar of Gozag.
  2077 | D:3      | Found an ornate altar of the Wu Jian Council.
  2283 | D:3      | Found a glowing golden altar of the Shining One.
  2305 | D:3      | Noticed Robin
  2352 | D:3      | Killed Robin
  2550 | D:3      | Reached XP level 6. HP: 28/49 MP: 6/6
  2679 | D:3      | Noticed Jessica
  2690 | D:3      | Killed Jessica
  2690 | D:3      | Reached skill level 5 in Shields
  3033 | D:4      | Found Jupsulas's Serpentskin Sales.
  3292 | D:4      | Reached XP level 7. HP: 55/55 MP: 7/7
  3333 | D:4      | Found a staircase to the Ecumenical Temple.
  3350 | Temple   | Entered the Ecumenical Temple
  3439 | Temple   | Became a worshipper of Cheibriados the Contemplative
  3492 | D:4      | Noticed Gruesome's ghost (novice OpMo)
  3509 | D:3      | Reached skill level 5 in Fighting
  3509 | D:3      | Reached skill level 5 in Armour
  3680 | D:4      | Reached skill level 4 in Long Blades
  3888 | D:4      | Noticed Eustachio
  3919 | D:4      | Killed Eustachio
  3919 | D:4      | Reached XP level 8. HP: 43/63 MP: 8/8
  4116 | D:4      | Noticed Grinder
  4143 | D:4      | Killed Grinder
  4299 | D:4      | Noticed Ijyb
  4335 | D:4      | You fall through a shaft!
  4335 | D:5      | Entered Level 5 of the Dungeon
  4627 | D:5      | Reached * piety under Cheibriados
  4888 | D:5      | Reached skill level 5 in Long Blades
  5030 | D:5      | Found a hazy altar of Hepliaklqana.
  5311 | D:5      | Found a stormy altar of Qazlal.
  5791 | D:6      | Reached XP level 9. HP: 32/71 MP: 9/9
  6010 | D:6      | Reached skill level 6 in Long Blades
  6053 | D:6      | Noticed Menkaure
  6065 | D:6      | Reached skill level 1 in Invocations
  6070 | D:6      | Killed Menkaure
  6228 | D:6      | Found a glowing silver altar of Zin.
  6411 | D:6      | Noticed Prince Ribbit
  6438 | D:6      | Killed Prince Ribbit
  6489 | D:6      | Found Mihakax's Antique Armour Shoppe.
  6495 | D:6      | Bought a shiny chain mail for 195 gold pieces
  6925 | D:6      | Reached ** piety under Cheibriados
  7020 | D:7      | Reached skill level 7 in Long Blades
  7116 | D:7      | Noticed a hippogriff
  7123 | D:7      | Killed a hippogriff
  7205 | D:7      | Noticed a hippogriff
  7219 | D:7      | Killed a hippogriff
  7219 | D:7      | Reached XP level 10. HP: 64/79 MP: 12/12
  7520 | D:7      | Noticed Joseph
  7563 | D:7      | Killed Joseph
  7656 | D:7      | Found an ancient bone altar of Kikubaaqudgha.
  7664 | D:7      | Found an iron altar of Okawaru.
  7664 | D:7      | Found a shattered altar of Ashenzari.
  7668 | D:7      | Found a glowing golden altar of the Shining One.
  7879 | D:7      | Reached skill level 8 in Long Blades
  7886 | D:7      | Reached *** piety under Cheibriados
  7918 | D:7      | Found Mowniuze's Antique Weapon Emporium.
  8196 | D:8      | Noticed Pikel
  8226 | D:7      | Killed Pikel
  8366 | D:8      | Learned a level 3 spell: Regeneration
  8376 | D:8      | Reached skill level 5 in Invocations
  8508 | D:8      | Noticed Kavrick's ghost (novice FoFi)
  8517 | D:9      | Found a flagged portal.
  8727 | Bailey   | Entered a bailey
  8789 | Bailey   | Noticed an orc knight
  8951 | Bailey   | Reached **** piety under Cheibriados
  8958 | Bailey   | Reached skill level 9 in Long Blades
  8976 | Bailey   | Killed an orc knight
  8976 | Bailey   | Reached XP level 11. HP: 38/87 MP: 11/14
  9465 | D:8      | Killed Kavrick's ghost
  9587 | D:8      | Found a staircase to the Lair.
  9624 | D:8      | Reached skill level 10 in Long Blades
  9735 | D:8      | Reached ***** piety under Cheibriados
  9920 | D:8      | Found a sparkling altar of Nemelex Xobeh.
 10152 | Lair:1   | Entered Level 1 of the Lair of Beasts
 11357 | Lair:1   | Reached skill level 1 in Dodging
 11512 | Lair:1   | Reached XP level 12. HP: 81/97 MP: 16/16
 11529 | Lair:1   | Reached skill level 11 in Long Blades
 12016 | Lair:2   | Reached skill level 10 in Fighting
 12300 | Lair:2   | Found the +1 cloak of Starlight {rElec rC+ EV+4 Stlth--}
 12670 | Lair:3   | Reached skill level 10 in Armour
 12889 | Lair:3   | Noticed a five-headed hydra
 12900 | Lair:3   | You fall through a shaft!
 13420 | Lair:4   | Found a hole to the Spider Nest.
 14088 | Lair:3   | Reached skill level 12 in Long Blades
 14116 | Lair:3   | You fall through a shaft!
 14481 | Lair:3   | Reached XP level 13. HP: 37/104 MP: 15/18
 14491 | Lair:3   | You fall through a shaft for 2 floors!
 14491 | Lair:5   | Noticed Josephine
 14504 | Lair:5   | Killed Josephine
 15253 | Lair:4   | Reached skill level 13 in Long Blades
 15385 | Lair:3   | Reached skill level 5 in Dodging
 15806 | Lair:3   | Killed a five-headed hydra
 15931 | Lair:3   | Found a staircase to the Shoals.
 16650 | Lair:5   | Reached XP level 14. HP: 69/113 MP: 20/20
 16826 | Lair:5   | Noticed Snorg
 16841 | Lair:5   | Found a viscous altar of Jiyva.
 16841 | Lair:5   | Found a staircase to the Slime Pits.
 16902 | Lair:5   | Got a shimmering emerald amulet
 16923 | Lair:5   | Killed Snorg
 17205 | Lair:5   | You fall through a shaft!
 17205 | Lair:6   | Entered Level 6 of the Lair of Beasts
 17923 | Lair:6   | HP: 5/114 [18-headed hydra (11)]
 17923 | Lair:6   | Mangled by an 18-headed hydra

Vault maps used:
D:1:      minmay_arrival_glassed_features, minmay_liquid_box, item_on_display_b
D:2:      hangedman_ru_absence, uniq_natasha
D:3:      lemuel_round_altar, lemuel_doored_altar, minmay_misc_feat_x,
          nicolae_tso_carved_into_rock, uniq_robin, uniq_jessica
D:4:      minmay_temple_entry_poolview, st_stairs_1, guppyfry_shop_venom,
          uniq_ijyb, uniq_grinder, uniq_eustachio
D:5:      lemuel_round_altar, kennysheep_mini_moat, first_bread,
          kennysheep_generic_room_11
D:6:      zin_academy, serial_shops, shop, uniq_prince_ribbit1, uniq_menkaure
D:7:      minitemple, serial_shops, shop, grunt_ogre_cave, serial_bayou_pond_c,
          uniq_joseph
D:8:      erik_lair_orcish_takeover, nemelex_dance_club_becter, uniq_pikel
D:9:      old_standard_altar, dancing_weapons_uskayaw, enter_bailey_2,
          serial_shops, nicolae_shop_window_shopping, uniq_psyche
Temple:   jpeg_temple_alley_garden
Lair:2:   grunt_megastairs_3
Lair:3:   minmay_lair_venomous_thicket, minmay_shoals_entry_beasts,
          grunt_forest_small_clearings, lemuel_fruit_fields,
          minmay_lair_oklob_chamber, lemuel_fruit_tree, serial_bayou_shore_a
Lair:4:   spider_nest_entry_a
Lair:5:   beast_lair_carwin_large_4, dpeg_slime_entry_enclosed_altar,
          uniq_snorg, uniq_josephine
Lair:6:   due_jungle_book, infiniplex_staircase_pool_2
Bailey:   bailey_axe_4, bailey

Skill      XL: |  1  2  3  4  5  6  7  8  9 10 11 12 13 14 |
---------------+-------------------------------------------+-----
Shields        | 4 5 6 7 8 9 |  9.0
Fighting       | 4 5 6 7 8 9 10 11 | 11.8
Armour         | 4 5 6 7 8 9 10 11 | 11.7
Long Blades    | 3 4 5 7 9 10 12 13 | 13.8
Invocations    | 3 5 6 7 8 9 |  9.0
Dodging        | 1 3 5 6 |  6.1

Action                   |  1- 3 |  4- 6 |  7- 9 | 10-12 | 13-15 || total
-------------------------+-------+-------+-------+-------+-------++-------
Melee: Long sword        |    97 |   279 |   228 |       |       ||   604
       Falchion          |       |       |    70 |   917 |   603 ||  1590
Throw: Tomahawk          |       |       |       |    11 |       ||    11
Invok: Bend Time         |       |       |     3 |    14 |     7 ||    24
       Slouch            |       |       |       |       |     4 ||     4
       Step From Time    |       |       |       |       |     1 ||     1
 Abil: Shaft Self        |       |       |     1 |     2 |     2 ||     5
       Dig               |       |       |       |     3 |     1 ||     4
Evoke: Wand              |       |       |       |     1 |    11 ||    12
  Use: Scroll            |       |       |    12 |     6 |     1 ||    19
       Potion            |       |       |       |     4 |     9 ||    13
 Stab: Invisible         |       |       |       |       |     1 ||     1
  Eat: Chunk             |       |     8 |    10 |    13 |     8 ||    39
       Royal jelly       |       |       |       |       |     1 ||     1
Armor: Scale mail        |    42 |   110 |    85 |       |       ||   237
       Chain mail        |       |       |    23 |    96 |       ||   119
       Plate armour      |       |       |       |   270 |   316 ||   586
Dodge: Dodged            |    33 |    92 |    94 |   353 |   498 ||  1070
Block: Shield            |    49 |   175 |   168 |   698 |   563 ||  1653
       Rpst.: Long sword |    14 |    33 |    24 |       |       ||    71
       Falchion          |       |       |     7 |    77 |    84 ||   168

Table legend:
 A = Spawn XP
 B = Non-spawn XP
 C = Spawn XP percentage of total XP
 D = Spawn monster count
 E = Non-spawn monster count
 F = Spawn count percentage of total count
 G = Total turns spent on level
                    A         B        C        D         E        F      G
               +---------+---------+-------+---------+---------+-------+---------
         Total |       0 |   53266 |   0.0 |       0 |     378 |   0.0 | 17923
               +---------+---------+-------+---------+---------+-------+---------
           D:1 |       0 |      47 |   0.0 |       0 |      24 |   0.0 |   547
           D:2 |       0 |     153 |   0.0 |       0 |      24 |   0.0 |  1151
           D:3 |       0 |     226 |   0.0 |       0 |      31 |   0.0 |  1476
           D:4 |       0 |     941 |   0.0 |       0 |      29 |   0.0 |  1390
           D:5 |       0 |     515 |   0.0 |       0 |      21 |   0.0 |   982
           D:6 |       0 |    1315 |   0.0 |       0 |      18 |   0.0 |  1314
           D:7 |       0 |    2897 |   0.0 |       0 |      28 |   0.0 |  1231
           D:8 |       0 |    2990 |   0.0 |       0 |      33 |   0.0 |  1017
           D:9 |       0 |      45 |   0.0 |       0 |       2 |   0.0 |   278
        Lair:1 |       0 |    6403 |   0.0 |       0 |      26 |   0.0 |  1786
        Lair:2 |       0 |    2028 |   0.0 |       0 |      10 |   0.0 |   711
        Lair:3 |       0 |   10345 |   0.0 |       0 |      33 |   0.0 |  1346
        Lair:4 |       0 |    9607 |   0.0 |       0 |      32 |   0.0 |  2295
        Lair:5 |       0 |    9447 |   0.0 |       0 |      26 |   0.0 |   915
        Lair:6 |       0 |    4988 |   0.0 |       0 |      15 |   0.0 |   718
        Bailey |       0 |    1319 |   0.0 |       0 |      26 |   0.0 |   639
               +---------+---------+-------+---------+---------+-------+---------
